 Dungeon Crawl Stone Soup version 0.27.0-1-g7a089689b8 (webtiles) character file.

Game seed: 10302521695470991523

37 SnakkuSnakku7 the Skirmisher (level 3, 0/30 HPs)
             Began as a Vine Stalker Berserker on Aug 11, 2021.
             Was a Believer of Trog.
             Succumbed to an adder's poison
             ... on level 2 of the Dungeon.
             The game lasted 00:01:11 (799 turns).

SnakkuSnakku7 the Skirmisher (VSBe)                  Turns: 799, Time: 00:01:12

Health: 0/30       AC:  2    Str: 20    XL:     3   Next: 39%
Magic:  4/4        EV: 12    Int:  7    God:    Trog [**....]
Gold:   93         SH:  0    Dex: 13    Spells: 2/2 levels left

rFire    . . .     SeeInvis .   a - +0 battleaxe
rCold    . . .     Faith    .   (shield currently unavailable)
rNeg     . . .     Spirit   +   b - +0 animal skin
rPois    .         Reflect  .   (no helmet)
rElec    .         Harm     .   (no cloak)
rCorr    .         Rampage  .   (no gloves)
Will     .....                  (no boots)
Stlth    ..........             (no amulet)
HPRegen  0.10/turn              (no ring)
MPRegen  0.09/turn              (no ring)

@: berserking, lethally poisoned (0 -> -6), very quick
A: fangs 2, magic shield, antimagic bite, no potion heal 2
a: Renounce Religion, Berserk, Trog's Hand


You were on level 2 of the Dungeon.
You worshipped Trog.
Trog was pleased with you.
You visited 1 branch of the dungeon, and saw 2 of its levels.

You collected 93 gold pieces.

Inventory:

Hand Weapons
 a - a +0 battleaxe (weapon)
 h - a +0 hand axe
Armour
 b - a +0 animal skin (worn)
Scrolls
 c - 2 scrolls of identify {unknown}
 d - a scroll of enchant weapon {unknown}
 e - a scroll of amnesia {unknown}
Potions
 f - a potion of mutation {unknown}
 g - a potion of attraction {unknown}


   Skills:
 * Level 3.6 Fighting
 + Level 3.1 Axes
 - Level 1.5 Armour
 - Level 1.5 Dodging


You had 2 spell levels left.
You didn't know any spells.
Your spell library was empty.

Dungeon Overview and Level Annotations

Branches:
Dungeon (2/15)

Altars:


Innate Abilities, Weirdness & Mutations

You have extremely sharp teeth.
When hurt, damage is shared between your health and your magic reserves.
Your bite disrupts and absorbs the magic of your enemies.
Potions cannot restore your health.


Message History

The goblin wields a +0 club.
The goblin barely misses you.
A red film seems to cover your vision as you go berserk!
You feel yourself moving faster!
You feel mighty!
You feel very sick.
The ball python hisses angrily.
The adder bites you.
You are lethally poisoned!
The adder poisons you! The goblin barely misses you.
You miss the adder. Your bite misses the adder.
The adder is moderately wounded.
You closely miss the goblin.
* * * LOW HITPOINT WARNING * * *
You feel very sick. The adder misses you.
The goblin hits you but does no damage. The adder closely misses you.
You closely miss the adder.
The adder is moderately wounded.
You slash the goblin!
You kill the goblin!
Trog accepts your kill.
* * * LOW HITPOINT WARNING * * *
You feel very sick. The adder closely misses you.
You closely miss the adder.
The adder is moderately wounded.
* * * LOW HITPOINT WARNING * * *
You feel sick. The adder bites you.
* * * LOW HITPOINT WARNING * * *
Unknown command.
You barely miss the adder. You bite the adder. You drain its power.
You feel invigorated.
The adder is almost dead.
* * * LOW HITPOINT WARNING * * *
You feel sick. The adder barely misses you. The adder closely misses you.
Unknown command.
You slice the adder!!
You kill the adder!
Trog accepts your kill.
You closely miss the ball python.
You die...

#####........ #
#........ . ### #
#........ .
#...#.#######.......
..###.#........#........
....###............†..
#......###..#........
#.†.....#..#........
#.S@###.#....####...
#.....#.....>##.....
#.###.#............. ...
#......<.##..... #.#
#........##..... #.
#................. .
#................. .
............###....
..#.................


You could see a ball python.

Vanquished Creatures
  An adder (D:2)
  A worm (D:2)
  2 dart slugs (D:1)
  2 endoplasms (D:1)
  2 giant cockroaches (D:1)
  A goblin (D:2)
  4 hobgoblins
  4 kobolds
  4 ball pythons (D:1)
  2 bats (D:1)
  A frilled lizard (D:2)
  7 rats
31 creatures vanquished.

Notes
Turn   | Place    | Note
-------+----------+-------------------------------------------
     0 | D:1      | SnakkuSnakku7 the Vine Stalker Berserker began the quest
                  | for the Orb.
     0 | D:1      | Reached XP level 1. HP: 11/11 MP: 2/2
    95 | D:1      | Reached XP level 2. HP: 7/16 MP: 3/3
   443 | D:1      | Found a faded altar of an unknown god.
   497 | D:1      | Reached XP level 3. HP: 16/20 MP: 4/4
   514 | D:1      | Reached ** piety under Trog
   798 | D:2      | HP: 1/30 [poisoned by an adder]
   799 | D:2      | Succumbed to an adder's poison

Illustrated notes

Levels and vault maps discovered:
D:1:      kennysheep_arrival_forest, layout_basic,
          ebering_ecumenical_altar_petrified
D:2:      layout_rooms, hangedman_abyss_or_decor_stabs

Skill      XL: |  1  2 |
---------------+-------+-----
Fighting       | 3 |  3.6
Axes           | 3 |  3.1
Armour         | |  1.5
Dodging        | |  1.5

Action                   || total
-------------------------++-------
Melee: Hand axe          ||    68
       Bite              ||    21
       Battleaxe         ||     7
Invok: Berserk           ||     2
 Stab: Sleeping          ||     1
Armor: Animal skin       ||    14
Dodge: Dodged            ||    57
